 Dungeon Crawl Stone Soup version 0.20-a0-16-g0876c8e (webtiles) character file.

368 JustSomeDude the Covered (level 6, -2/47 HPs)
             Began as a Demonspawn Fighter on Nov 4, 2016.
             Succumbed to a scorpion's poison
             ... on level 4 of the Dungeon.
             The game lasted 00:09:38 (4234 turns).

JustSomeDude the Covered (Demonspawn Fighter)       Turns: 4234, Time: 00:09:39

Health: -2/47      AC:  5    Str: 17    XL:     6   Next: 41%
Magic:  15/15      EV:  8    Int: 10    God:
Gold:   149        SH:  9    Dex: 13    Spells: 0 memorised, 5 levels left

rFire  . . .     SeeInvis .     C - +1 dagger of Responsibility {pierce, MP+9} (curse)
rCold  . . .     Gourm    .     q - +0 ring mail
rNeg   . . .     Faith    .     c - +0 shield
rPois  .         Spirit   .     (no helmet)
rElec  .         Reflect  .     (no cloak)
rCorr  .         Harm     .     (no gloves)
MR     .....                    (no boots)
Stlth  +++.......               (no amulet)
                                (no ring)
                                (no ring)

@: lethally poisoned (-2 -> -32)
A: nightstalker 2
a: no special abilities


You were on level 4 of the Dungeon.
You were not hungry.

You visited 1 branch of the dungeon, and saw 5 of its levels.

You collected 149 gold pieces.

Inventory:

Hand Weapons
 a - a +0 trident
 w - a +1 short sword
 C - the cursed +1 dagger of Responsibility (weapon) {pierce, MP+9}
   (You found it on level 5 of the Dungeon)

   It inflicts extra damage upon your enemies.
   It affects your magic capacity (+9).
   It has a curse placed upon it.
Armour
 b - a +0 scale mail
 c - a +0 shield (worn)
 l - a +0 large shield
 q - a +0 ring mail (worn)
Scrolls
 g - a scroll of enchant weapon
 v - 3 scrolls of teleportation
Potions
 h - a potion of agility
 k - a potion of heal wounds {unknown}
 p - a potion of degeneration {unknown}
 s - a potion of magic {unknown}
 t - a potion of lignification {unknown}
 u - 2 potions of cure mutation
Comestibles
 d - 3 chunks of flesh
 f - 2 bread rations
 j - a royal jelly
 m - 3 meat rations
 x - a slice of pizza
 z - 2 fruits


   Skills:
 + Level 3.6 Fighting
 * Level 1.6 Short Blades
 - Level 3.2 Polearms
 + Level 4.3 Armour
 + Level 0.5 Dodging
 * Level 2.0 Stealth
 + Level 3.2 Shields


You had 5 spell levels left.
You didn't know any spells.

Dungeon Overview and Level Annotations

Branches:
Dungeon (5/15)
 Temple: D:4-7

Altars:


Innate Abilities, Weirdness & Mutations

You are significantly more attuned to the shadows.


Message History

The scorpion is moderately wounded.
You feel sick. The scorpion stings you.
* * * LOW HITPOINT WARNING * * *
You are too injured to fight recklessly!
You are too injured to fight recklessly!
You are too injured to fight recklessly!
You hit the scorpion but do no damage.
The scorpion is moderately wounded.
* * * LOW HITPOINT WARNING * * *
You feel sick. The scorpion stings you.
* * * LOW HITPOINT WARNING * * *
You hit the scorpion.
The scorpion is heavily wounded.
* * * LOW HITPOINT WARNING * * *
You feel sick. The scorpion stings you.
* * * LOW HITPOINT WARNING * * *
You are more poisoned.
The scorpion poisons you!
It was a potion of cure mutation.
It has a very clean taste.
You die...

##..# #...# ##
###..# ..#####...##
...........#
...........##
...[........##
.............######
.........s@.......#
.......#####....###
....#### #..###
#### #..# #..#
#.###### #......#
########


You could see a scorpion.

Vanquished Creatures
  A centaur (D:5)
  A howler monkey (D:4)
  A hound (D:5)
  An orc priest (D:3)
  An iguana (D:5)
  8 adders
  2 dart slugs
  3 leopard geckos
  10 orcs
  3 bats
  5 giant cockroaches
  4 hobgoblins
  11 jackals
  3 quokkas
  A frilled lizard (D:4)
  11 goblins
  6 kobolds
  A leopard gecko skeleton (D:3)
  10 rats
83 creatures vanquished.

Notes
Turn   | Place    | Note
-------+----------+-------------------------------------------
     0 | D:1      | JustSomeDude the Demonspawn Fighter began the quest for the Orb.
     0 | D:1      | Reached XP level 1. HP: 18/18 MP: 1/1
   123 | D:1      | Reached skill level 3 in Armour
   123 | D:1      | Gained mutation: You are slightly more attuned to the shadows. [demonic ancestry]
   123 | D:1      | Reached XP level 2. HP: 24/24 MP: 2/2
   719 | D:1      | Reached XP level 3. HP: 29/29 MP: 3/3
  1494 | D:2      | Reached XP level 4. HP: 16/35 MP: 4/4
  2391 | D:3      | Gained mutation: You are significantly more attuned to the shadows. [demonic ancestry]
  2391 | D:3      | Reached XP level 5. HP: 39/41 MP: 5/5
  3514 | D:5      | Entered Level 5 of the Dungeon
  3514 | D:5      | Noticed a centaur
  3626 | D:5      | Reached skill level 4 in Armour
  3626 | D:5      | Reached skill level 1 in Stealth
  3868 | D:5      | Killed a centaur
  3868 | D:5      | Reached skill level 1 in Short Blades
  3868 | D:5      | Reached XP level 6. HP: 30/47 MP: 6/6
  3883 | D:5      | Got a jewelled dagger
  4146 | D:4      | Identified the cursed +1 dagger of Responsibility {pierce, MP+9} (You found it on level 5 of the Dungeon)
  4233 | D:4      | HP: 1/47 [scorpion (6)]
  4234 | D:4      | Succumbed to a scorpion's poison

Vault maps used:
D:1:      co_arrival_square_in_a_square_in_a_square, minmay_misc_feat_tower
D:3:      lemuel_upstairs_altar
D:5:      chequers_temple_overflow_minitemple, first_bread

Skill      XL: |  1  2  3  4  5  6 |
---------------+-------------------+-----
Armour         | 3 4 |  4.3
Polearms       | 2 3 |  3.2
Shields        | 3 |  3.2
Stealth        | 1 2 |  2.0
Short Blades   | 1 |  1.6
Fighting       | |  3.6
Dodging        | |  0.5

Action                   |  1- 3 |  4- 6 || total
-------------------------+-------+-------++-------
Melee: Trident           |   147 |    84 ||   231
       Short sword       |       |   151 ||   151
       Dagger            |       |    49 ||    49
  Use: Potion            |       |     6 ||     6
       Scroll            |       |     8 ||     8
 Stab: Sleeping          |     1 |     3 ||     4
       Distracted        |       |     1 ||     1
  Eat: Chunk             |     2 |     9 ||    11
Armor: Scale mail        |    61 |    29 ||    90
       Ring mail         |       |    52 ||    52
Dodge: Dodged            |    34 |    72 ||   106
Block: Shield            |    69 |   124 ||   193
